 Dungeon Crawl Stone Soup version 0.26-a0-20-g5f92b90fa0 (webtiles) character file.

Game seed: 396303626009659750, levelgen mode: deterministic

86023 Lanoc the Bludgeoner (level 15, -11/139 HPs)
             Began as a Yellow Draconian Chaos Knight on May 25, 2020.
             Was a Plaything of Xom.
             Mangled by a death yak (49 damage)
             ... on level 5 of the Lair of Beasts.
             The game lasted 01:05:24 (25058 turns).

Lanoc the Bludgeoner (DrCK)                        Turns: 25058, Time: 01:05:25

Health: -11/139    AC:  9    Str: 29    XL:     15   Next: 39%
Magic:  20/20      EV: 23    Int: 15    God:    Xom [...*..]
Gold:   2081       SH:  0    Dex: 20    Spells: 14/14 levels left

rFire    + + +     SeeInvis +   a - +0 mace (chaos)
rCold    + + .     Gourm    .   f - +0 buckler of Demonic Intercession {Str+3 Int+3} (curse)
rNeg     . . .     Faith    .   (armour unavailable)
rPois    +         Spirit   .   n - -2 hat of Qeania {rF++ Dex+3 Slay+2} (curse)
rElec    .         Reflect  .   y - +0 cloak {Stlth+}
rCorr    +         Harm     .   J - +0 pair of gloves
MR       +++..                  (boots unavailable)
Stlth    ++........             u - amulet of regeneration
HPRegen  0.73/turn              c - +4 ring of slaying
MPRegen  0.17/turn              Z - ring "Cig Kajaitz" {rF+ MR++ Str+6 Dex-3 SInv}

@: sleeping, very slightly contaminated
A: spit acid, unfitting armour, big wings, stinger 3, talons 3, agile 2, blink,
cold resistance 2, fire resistance 1, sense surroundings 2, poison resistance,
strong 2, wild magic 1, acidic bite, cold-blooded, MP-powered wands, acid
resistance, AC +9
a: Breathe Acid, Fly, Blink, Renounce Religion


You were on level 5 of the Lair of Beasts.
You worshipped Xom.
You were a favourite toy of Xom.
You were not hungry.

You visited 3 branches of the dungeon, and saw 22 of its levels.
You also visited: Ossuary and Gauntlet.

You collected 2081 gold pieces.

Inventory:

Hand Weapons
 a - a +0 mace of chaos (weapon)
 b - the +4 mace of the Wasteland {vamp, rElec rPois rC- MR++}
   (You found it on level 3 of the Lair of Beasts)

   It inflicts no extra harm, but heals its wielder when it wounds a living foe.
   It makes you vulnerable to cold.
   It insulates you from electricity.
   It protects you from poison.
   It affects your resistance to hostile enchantments.
Missiles
 U - 5 curare-tipped darts (quivered)
Armour
 f - the cursed +0 buckler of Demonic Intercession (worn) {Str+3 Int+3}
   (You found it on level 4 of the Dungeon)

   It affects your strength (+3).
   It affects your intelligence (+3).
   It has a curse placed upon it.
 n - the cursed -2 hat of Qeania (worn) {rF++ Dex+3 Slay+2}
   (You found it in a Gauntlet)

   It affects your dexterity (+3).
   It affects your accuracy and damage with ranged weapons and melee attacks
   (+2).
   It greatly protects you from fire.
   It has a curse placed upon it.
 y - a +0 cloak of stealth (worn)
 J - a +0 pair of gloves (worn)
Jewellery
 c - a +4 ring of slaying (left hand)
 k - the ring of the Several Thickets {rF+ MR+ Slay+2}
   (You found it on level 3 of the Lair of Beasts)

   [ring of protection from magic]

   It affects your accuracy and damage with ranged weapons and melee attacks
   (+2).
   It protects you from fire.
   It affects your resistance to hostile enchantments.
 u - an amulet of regeneration (around neck)
 Z - the ring "Cig Kajaitz" (right hand) {rF+ MR++ Str+6 Dex-3 SInv}
   (You took it off a minotaur in a Gauntlet)

   [ring of strength]

   It affects your strength (+6).
   It affects your dexterity (-3).
   It protects you from fire.
   It affects your resistance to hostile enchantments.
   It lets you see invisible.
Wands
 x - a wand of acid (6)
 z - a wand of polymorph (7)
 D - a wand of paralysis (8)
 E - a wand of clouds (2)
 H - a wand of digging (2)
 I - a wand of iceblast (32)
 M - a wand of enslavement (10)
 N - a wand of flame (14)
 W - a wand of random effects (20)
Scrolls
 e - 15 scrolls of remove curse
 g - 8 scrolls of teleportation
 h - a scroll of vulnerability
 j - a scroll of holy word {unknown}
 l - a scroll of silence
 q - 6 scrolls of fear
 s - a scroll of blinking
 w - 5 scrolls of enchant armour
 C - 5 scrolls of identify
 G - 4 scrolls of amnesia
 L - 2 scrolls of immolation
 R - 2 scrolls of fog
 V - 2 scrolls of enchant weapon
Potions
 d - a potion of berserk rage
 i - 5 potions of curing
 m - 3 potions of flight
 o - 2 potions of ambrosia
 p - a potion of magic
 r - 5 potions of stabbing
 t - a potion of invisibility
 v - 5 potions of brilliance
 A - 2 potions of haste
 B - 2 potions of might
 K - a potion of resistance
 O - 5 potions of mutation
 S - a potion of cancellation
 X - 3 potions of heal wounds
Miscellaneous
 Q - a lightning rod (4/4)
 T - a phial of floods
Comestibles
 F - 42 rations
 P - 10 chunks of flesh


   Skills:
 + Level 14.9 Fighting
 - Level 17.4 Maces & Flails
 + Level 12.7 Dodging
 - Level 4.0 Shields
 * Level 7.2 Evocations


You had 14 spell levels left.
You didn't know any spells.
Your spell library contained the following spells:

 Spells                   Type           Power        Failure   Level  Hunger
 Animate Skeleton         Necr           N/A          34%         1    ##.....
 Apportation              Tloc           #.....       34%         1    ##.....
 Corona                   Hex            #......      34%         1    ##.....
 Magic Dart               Conj           #...         34%         1    ##.....
 Summon Small Mammal      Summ           #...         34%         1    ##.....
 Blink                    Tloc           N/A          47%         2    ###....
 Call Imp                 Summ           #.......     47%         2    ###....
 Passwall                 Tmut/Erth      #.......     47%         2    ###....
 Slow                     Hex            #.......     47%         2    ###....
 Swiftness                Chrm/Air       #.......     47%         2    ###....
 Conjure Flame            Conj/Fire      #.......     71%         3    ####...
 Inner Flame              Hex/Fire       #.......     71%         3    ####...
 Mephitic Cloud           Conj/Pois/Air  #.......     71%         3    ####...
 Portal Projectile        Hex/Tloc       #.....       71%         3    ####...
 Cause Fear               Hex            #.........   97%         4    #####..
 Leda's Liquefaction      Hex/Erth       #.........   97%         4    #####..
 Passage of Golubria      Tloc           N/A          97%         4    #####..
 Lee's Rapid Deconstruct  Erth           #.........   100%        5    ######.
 Darkness                 Hex            #.........   100%        6    #######
 Invisibility             Hex            #.......     100%        6    #######


Dungeon Overview and Level Annotations

Branches:
Dungeon (15/15)            Temple (0/1) D:7            Lair (5/6) D:8
 Shoals (0/4) Lair:3        Snake (0/4) Lair:3          Orc (2/2) D:10
    Elf (0/3) Orc:2        Vaults (0/5) D:14         Depths (0/5) D:15
Ossuary (visited)         Gauntlet (visited)
  Slime: Lair:5-6

Altars:
Ashenzari
Elyvilon
Gozag
Makhleb
Okawaru
Qazlal
Trog
Xom
Yredelemnul
Zin
Beogh

Shops:
D:6 (   Orc:2 =(=[

Annotations:
D:10 2 transporters, kae's ghost, journeyman HOFi
Lair:1 1 runed translucent door, coffeespoons's ghost, novice DsMo


Innate Abilities, Weirdness & Mutations

You can spit globs of acid.
Your golden yellow scales are hard. (AC +9)
You cannot fit into any form of body armour.
You have acidic saliva.
You are cold-blooded and may be slowed by cold attacks.
You are resistant to acid. (rCorr)
Your large and strong wings let you fly indefinitely.
Your tail ends in a wickedly sharp and poisonous barb.
You have claws for feet.
You are very agile. (Dex +4)
You can translocate small distances at will.
Your flesh is very cold resistant. (rC++)
Your flesh is heat resistant. (rF+)
You passively map the area around you.
Your system is resistant to poisons. (rPois)
Your muscles are very strong. (Str +4)
Your spells are a little harder to cast, but a little more powerful.
You expend magic power (3 MP) to strengthen your wands.


Message History

As you read the scroll of teleportation, it crumbles to dust.
You feel strangely unstable. "There, this looks better."
A door bursts open!
You have got your breath back. "Serve the mortal, my children!"
The basilisk gazes at you.
Your crimson imp is moving more slowly.
The basilisk bites something!
Your white imp gestures at the death yak.
The puff of frost hits the dream sheep!
Your surroundings suddenly seem different.
The death yak barely misses you.
The dream sheep shake their wool and sparkle.
You feel drowsy...
You fall asleep.
Your white imp gestures at the death yak.
The puff of frost hits the death yak.
The dream sheep misses you. The death yak gores you!!!
You die...
Xom chuckles heartily!

........5............#
....................##
..........55.5......##
...........5.5.......#
..###..........Y....P#
#.,*##....P.#..Y.....#
^,,,*#.....#.#Yl....##
,,,,...........PYY..#
,,,,..........YY@Y..##
,,,,,,,,,......F.Y...#
,,,,*,,,,..P...#....##
,,,,,,,,,PPP..P#††...#
,,,,,,,,,P...........#
,,*,,,,,,...........##
,,,,,,,,,............*
,,,,,,^,,...........##
,,,,,,,,,,.#.##.##...**


You could see 5 death yaks, a basilisk, a bullfrog, 4 dream sheep, a friendly
quasit (summoned), a friendly crimson imp (summoned, petrifying), a friendly
white imp (summoned), a friendly shadow imp (summoned) and a friendly ufetubus
(summoned).

Vanquished Creatures
  An orc warlord (Orc:2)
  2 stone giants
  A minotaur (Gauntlet)
  Snorg (D:11)
  A yaktaur captain (D:15)
  Erolcha (D:11)
  A hydra (D:12)
  An anaconda (D:15)
  2 centaur warriors
  11 two-headed ogres
  A tengu warrior (D:12)
  Nergalle (D:9)
  3 orc high priests (Orc:2)
  Urug (Lair:4)
  A fire crab (shapeshifter) (D:15)
  An unseen horror (D:12)
  A deep elf archer (D:14)
  Pikel (D:5)
  7 orc knights
  3 necromancers (D:14)
  5 cyclopes
  A manticore (D:11)
  A salamander (Lair:4)
  A shining eye (Gauntlet)
  4 orc sorcerers
  2 oklob plants (Lair:2)
  2 deep elf magi
  13 ugly things
  A moth of wrath (shapeshifter) (D:14)
  3 centaur zombies
  6 elephants
  3 black mambas (Lair:2)
  A gargoyle (D:15)
  2 rime drakes
  5 spiny frogs
  A freezing wraith (D:13)
  A yaktaur (shapeshifter) (D:2)
  Maggie (D:7)
  8 komodo dragons
  A yaktaur (D:15)
  2 efreet
  A queen bee (Lair:2)
  6 trolls
  A polar bear (Lair:5)
  A troll (shapeshifter) (Lair:2)
  A wind drake (shapeshifter) (D:11)
  A hornet (D:13)
  27 blink frogs
  2 dream sheep (Lair:5)
  2 hippogriffs
  A redback (shapeshifter) (D:7)
  A redback (Lair:1)
  A spriggan (shapeshifter) (Orc:2)
  3 wyverns
  A wraith (D:15)
  3 vampires
  2 fire elementals (Gauntlet)
  40 yaks
  4 basilisks
  20 humans (D:14)
  2 hungry ghosts
  A steam dragon (D:9)
  A harpy simulacrum (D:15)
  A soldier ant (D:11)
  9 wargs
  2 insubstantial wisps (D:9)
  8 water moccasins
  A soldier ant (shapeshifter) (Gauntlet)
  2 hell hounds (Gauntlet)
  6 porcupines
  A floating eye (Gauntlet)
  35 orc warriors
  3 black bears
  An eye of draining (D:11)
  A phantom (D:11)
  2 ice beasts
  4 sky beasts
  16 ogres
  8 necrophages
  11 wolves
  7 centaurs
  6 crocodiles
  A big kobold (D:9)
  18 bullfrogs
  4 wyvern zombies
  7 scorpions
  A wyvern skeleton (D:14)
  37 killer bees
  8 wights
  2 howler monkeys
  An electric eel (Orc:2)
  4 crimson imps
  7 bullfrog zombies
  A lava snake (D:11)
  Crazy Yiuf (D:5)
  12 hounds
  5 jellies
  3 bullfrog skeletons
  20 orc priests
  3 iron imps (D:7)
  28 orc wizards
  6 centaur skeletons
  2 iguanas
  5 worker ants
  3 hound zombies
  13 mummies (Ossuary)
  A howler monkey zombie (Ossuary)
  A worker ant zombie (Ossuary)
  8 gnolls
  12 adders
  4 shadow imps
  5 oozes (D:8)
  An adder skeleton (D:6)
  5 adder zombies
  5 worms
  2 dart slugs
  6 leopard geckos
  93 orcs
  A ball python (D:3)
  7 giant cockroaches
  14 goblins
  7 hobgoblins
  10 jackals
  9 kobolds
  9 quokkas
  A ball python skeleton (D:4)
  14 bats
  5 frilled lizards
  A leopard gecko skeleton (D:7)
  A leopard gecko zombie (Ossuary)
  2 quokka zombies
  5 rats
  3 fungi
776 creatures vanquished.

Vanquished Creatures (collateral kills)
  A kobold demonologist (D:13)
  A yak (Lair:2)
  An orc warrior (Orc:2)
  A sky beast (D:9)
  A black bear (D:10)
  An ogre (D:4)
  A killer bee (Lair:2)
  A wight (D:13)
  2 orc priests (Orc:2)
  2 orc wizards (Orc:2)
  A mummy (Ossuary)
  An adder (D:4)
  A dart slug (D:4)
  6 orcs
  A kobold (D:13)
22 creatures vanquished.

Vanquished Creatures (others)
  A dancing weapon (D:10)
  A deep elf mage (D:15)
  A spiny frog (D:8)
  A yak (D:11)
  A hound (D:5)
  A centaur skeleton (D:5)
  An orc priest (D:11)
  An orc wizard (Orc:2)
  3 mummies (Ossuary)
  A shadow imp (D:5)
  An orc (Orc:2)
  A frilled lizard (D:5)
  7 fungi
  4 plants
  3 withered plants (Ossuary)
28 creatures vanquished.

Grand Total: 826 creatures vanquished

Notes
Turn   | Place    | Note
-------+----------+-------------------------------------------
     0 | D:1      | Lanoc the Draconian Chaos Knight began the quest for the
                  | Orb.
     0 | D:1      | Reached XP level 1. HP: 19/19 MP: 1/1
   429 | D:1      | Reached XP level 2. HP: 26/26 MP: 2/2
  1234 | D:2      | XOM: silly message
  1235 | D:2      | Reached XP level 3. HP: 21/33 MP: 3/3
  1612 | D:3      | Reached skill level 4 in Maces & Flails
  1693 | D:3      | Reached XP level 4. HP: 33/40 MP: 4/4
  1855 | D:3      | XOM: silly message
  1902 | D:3      | Noticed Robin
  1903 | D:3      | XOM: noise
  2140 | D:2      | XOM: god gift: 37 gold pieces
  2298 | D:3      | XOM: summons friendly ufetubus
  2304 | D:2      | Noticed Robin
  2304 | D:2      | Robin changed into Robin the shapeshifter
  2304 | D:2      | Noticed Robin
  2304 | D:2      | Robin the shapeshifter changed into Robin the tarantella
  2305 | D:2      | Noticed Robin
  2305 | D:2      | Robin the tarantella changed into Robin the yaktaur
  2320 | D:2      | Killed Robin the yaktaur
  2320 | D:2      | Reached skill level 5 in Maces & Flails
  2320 | D:2      | Reached XP level 5. HP: 30/47 MP: 5/5
  2320 | D:2      | Reached XP level 6. HP: 35/55 MP: 6/6
  2655 | D:4      | Reached skill level 5 in Fighting
  2689 | D:4      | Got a spiked buckler
  2695 | D:4      | Identified the cursed +0 buckler of Demonic Intercession
                  | {Str+3 Int+3} (You found it on level 4 of the Dungeon)
  2755 | D:4      | Found a glowing silver altar of Zin.
  2756 | D:4      | Noticed an angel
  2769 | D:4      | Got a glimmering hand axe
  2770 | D:4      | Identified the +1 hand axe of Zoac {protect, *Slow +Blink
                  | Str+8 Dex+5} (You found it on level 4 of the Dungeon)
  2782 | D:4      | Found a basalt altar of Yredelemnul.
  2801 | D:4      | XOM: enchant monster (good)
  2838 | D:4      | XOM: summons friendly chaos spawn
  2863 | D:4      | Reached skill level 6 in Maces & Flails
  2863 | D:4      | Reached skill level 1 in Shields
  2863 | D:4      | Your scales start taking on a golden yellow colour.
  2863 | D:4      | Reached XP level 7. HP: 35/61 MP: 7/7
  2863 | D:4      | Gained mutation: You are resistant to acid. (rCorr) [Yellow
                  | Draconian growth]
  2925 | D:4      | Found a sand-covered staircase.
  2934 | Ossuary  | Entered an ossuary
  2942 | Ossuary  | XOM: confuse monster(s)
  2948 | Ossuary  | XOM: 5-stop teleportation journey
  2951 | Ossuary  | XOM: summons 1 friendly demon
  2995 | Ossuary  | XOM: 3-stop teleportation journey
  2996 | Ossuary  | XOM: divine lightning
  3007 | Ossuary  | XOM: enchant monster (good)
  3039 | Ossuary  | XOM: summons friendly shadow imp
  3345 | Ossuary  | XOM: cloud trail
  3347 | Ossuary  | Reached XP level 8. HP: 65/70 MP: 8/8
  3385 | Ossuary  | Reached skill level 7 in Maces & Flails
  3600 | D:5      | Entered Level 5 of the Dungeon
  3602 | D:5      | Noticed Pikel
  3615 | D:5      | XOM: cast spell 'Dispersal'
  3617 | D:5      | Killed Pikel
  3617 | D:5      | Reached skill level 5 in Dodging
  3702 | D:5      | XOM: give mutations
  3702 | D:5      | Gained mutation: You have sharp toenails. [Xom's grace]
  3702 | D:5      | Gained mutation: You have razor-sharp toenails. [Xom's
                  | grace]
  3702 | D:5      | Gained mutation: Your flesh is cold resistant. (rC+) [Xom's
                  | grace]
  3909 | D:5      | Reached skill level 8 in Maces & Flails
  4167 | D:5      | XOM: god gift: runed morningstar {god gift}
  4205 | D:5      | XOM: give mutations
  4205 | D:5      | Gained mutation: You are agile. (Dex +2) [Xom's grace]
  4205 | D:5      | Gained mutation: You possess an exceptional clarity of
                  | mind. [Xom's grace]
  4205 | D:5      | Gained mutation: Your muscles are strong. (Str +2) [Xom's
                  | grace]
  4352 | D:5      | Found a runed translucent door.
  4353 | D:5      | Noticed Crazy Yiuf
  4365 | D:5      | Killed Crazy Yiuf
  4612 | D:6      | XOM: divination: detect creatures
  4660 | D:6      | Reached XP level 9. HP: 78/78 MP: 9/9
  4746 | D:6      | Found Ibiunlet's Weapon Emporium.
  5040 | D:7      | XOM: give mutations
  5040 | D:7      | Gained mutation: You are somewhat resistant to further
                  | mutation. [Xom's grace]
  5040 | D:7      | Gained mutation: You have claws for feet. [Xom's grace]
  5040 | D:7      | Gained mutation: Your system is resistant to poisons.
                  | (rPois) [Xom's grace]
  5040 | D:7      | Lost mutation: You are somewhat resistant to further
                  | mutation. [Xom's grace]
  5040 | D:7      | Gained mutation: You evolve. [Xom's grace]
  5092 | D:7      | Found a shimmering altar of Xom.
  5256 | D:7      | Found a staircase to the Ecumenical Temple.
  5270 | D:7      | Noticed Maggie
  5282 | D:7      | Killed Maggie
  5282 | D:7      | Reached skill level 9 in Maces & Flails
  5292 | D:7      | Found a burning altar of Makhleb.
  5437 | D:7      | XOM: polymorph centaur -> shapeshifter
  5437 | D:7      | Noticed a salamander
  5437 | D:7      | a shapeshifter changed into a salamander
  5440 | D:7      | a salamander changed into a redback
  5531 | D:7      | XOM: give mutation
  5531 | D:7      | Gained mutation: You expend magic power (3 MP) to
                  | strengthen your wands. [Xom's grace]
  5650 | D:7      | Found a stormy altar of Qazlal.
  5695 | D:8      | XOM: enchant monster (good)
  5798 | D:8      | Found a staircase to the Lair.
  5812 | D:8      | Noticed a spiny frog
  5812 | D:8      | an eye of draining changed into a spiny frog
  5812 | D:8      | XOM: polymorph eye of draining -> spiny frog
  5815 | D:8      | XOM: fog
  5822 | D:8      | Killed a spiny frog
  5988 | D:8      | XOM: 2-stop teleportation journey
  5990 | D:8      | Found a shimmering altar of Xom.
  5996 | D:8      | Found an iron altar of Okawaru.
  6007 | D:8      | Reached skill level 10 in Maces & Flails
  6086 | D:8      | Found an opulent altar of Gozag.
  6109 | D:8      | Lost mutation: You expend magic power (3 MP) to strengthen
                  | your wands. [evolution]
  6239 | D:8      | Reached XP level 10. HP: 86/88 MP: 10/10
  6350 | D:8      | XOM: destruction
  6351 | D:8      | XOM: confuse monster(s)
  6392 | D:8      | XOM: give mutations
  6392 | D:8      | Gained mutation: You are frail. (-10% HP) [Xom's mischief]
  6392 | D:8      | Lost mutation: You evolve. [Xom's mischief]
  6392 | D:8      | Lost mutation: You possess an exceptional clarity of mind.
                  | [Xom's mischief]
  6392 | D:8      | Lost mutation: You are agile. (Dex +2) [Xom's mischief]
  6559 | D:9      | XOM: summons 3 hostile demons
  6560 | D:9      | Noticed an orange demon
  6652 | D:9      | Noticed a two-headed ogre
  6736 | D:8      | XOM: polymorph killer bee -> worm
  6749 | D:8      | Killed a two-headed ogre
  6751 | D:8      | XOM: polymorph killer bee -> worm
  6862 | D:9      | Reached skill level 11 in Maces & Flails
  6901 | D:9      | Noticed a two-headed ogre
  6915 | D:9      | Killed a two-headed ogre
  7134 | D:9      | XOM: summons 3 friendly demons
  7169 | D:9      | XOM: potion effect (haste)
  7182 | D:9      | XOM: enchant monster (bad)
  7183 | D:9      | XOM: enchant monster (bad)
  7197 | D:9      | XOM: god gift: scroll labeled UXKIECHUOH {god gift}
  7204 | D:9      | Reached XP level 11. HP: 55/89 MP: 11/11
  7373 | D:9      | XOM: potion effect (might)
  7495 | D:9      | Noticed a two-headed ogre
  7496 | D:9      | XOM: 1-stop teleportation journey
  7578 | D:9      | XOM: summons 3 friendly demons
  7582 | D:9      | XOM: summons 10 friendly demons
  7591 | D:9      | Killed a two-headed ogre
  7591 | D:9      | Reached skill level 12 in Maces & Flails
  7795 | D:10     | Entered Level 10 of the Dungeon
  7799 | D:10     | Noticed Nergalle
  7803 | D:10     | XOM: fog
  7804 | D:10     | Noticed a spectral orc warlord
  7806 | D:10     | Noticed a spectral orc warlord
  7810 | D:9      | XOM: fake destruction
  7821 | D:9      | Killed Nergalle
  7821 | D:9      | Reached skill level 10 in Fighting
  7887 | D:10     | XOM: give mutations
  7887 | D:10     | Gained mutation: You are agile. (Dex +2) [Xom's grace]
  7887 | D:10     | Gained mutation: You are very agile. (Dex +4) [Xom's grace]
  7887 | D:10     | Gained mutation: Your large and strong wings let you fly
                  | indefinitely. [Xom's grace]
  7887 | D:10     | Gained mutation: Your tail ends in a poisonous barb. [Xom's
                  | grace]
  7892 | D:10     | XOM: summons 11 friendly demons
  8193 | D:10     | Found a staircase to the Orcish Mines.
  8199 | D:10     | XOM: smoke on damage
  8320 | D:10     | Found a transporter.
  8353 | D:10     | Found a bloodstained altar of Trog.
  8355 | D:10     | Found a transporter.
  8355 | D:10     | Noticed kae's ghost (journeyman HOFi)
  8540 | D:10     | Identified the cursed +0 ring mail of Incorporation {rF+}
                  | (You found it on level 10 of the Dungeon)
  8715 | D:11     | XOM: fog
  8862 | D:11     | Noticed Snorg
  8873 | D:11     | Killed Snorg
  8956 | D:11     | Reached skill level 13 in Maces & Flails
  8975 | D:11     | XOM: divine lightning
  9112 | D:11     | Noticed a two-headed ogre
  9133 | D:11     | Killed a two-headed ogre
  9250 | D:11     | XOM: summons 5 friendly demons
  9386 | D:11     | Noticed Erolcha
  9415 | D:11     | Killed Erolcha
  9415 | D:11     | Reached XP level 12. HP: 99/99 MP: 12/12
  9475 | D:11     | XOM: 1-stop teleportation journey
  9557 | D:11     | XOM: divination: detect creatures
  9627 | D:11     | XOM: cloud trail
 10036 | D:11     | XOM: torment (51/99 hp)
 10113 | D:12     | XOM: blink monster(s)
 10119 | D:12     | XOM: confusion (+ monsters)
 10263 | D:12     | Noticed a four-headed hydra
 10270 | D:12     | XOM: noise
 10613 | D:11     | XOM: god gift: scroll labeled UXKIECHUOH {god gift}
 10649 | D:12     | XOM: 4-stop teleportation journey
 10673 | D:11     | XOM: give mutations
 10673 | D:11     | Gained mutation: Your flesh is very cold resistant. (rC++)
                  | [Xom's grace]
 10673 | D:11     | Gained mutation: Your spells are a little harder to cast,
                  | but a little more powerful. [Xom's grace]
 10673 | D:11     | Gained mutation: Your tail ends in a sharp poisonous barb.
                  | [Xom's grace]
 10673 | D:11     | Gained mutation: You expend magic power (3 MP) to
                  | strengthen your wands. [Xom's grace]
 10725 | D:12     | Killed a four-headed hydra
 10725 | D:12     | Reached skill level 14 in Maces & Flails
 10749 | D:12     | XOM: summons friendly ufetubus
 10986 | D:11     | XOM: silly message
 11077 | D:12     | You fall into a shaft and drop 1 floor!
 11167 | D:13     | XOM: blink monster(s)
 11441 | D:13     | XOM: god gift: 29 gold pieces
 11767 | D:13     | Reached skill level 10 in Dodging
 12020 | D:13     | XOM: god gift: 5 curare-tipped darts
 12024 | D:13     | XOM: scenery: create altars
 12139 | D:13     | XOM: divination: detect items
 12161 | D:13     | Noticed a centaur warrior
 12163 | D:13     | XOM: fog
 12166 | D:13     | Killed a centaur warrior
 12359 | D:14     | XOM: god gift: glowing red potion {god gift}
 12430 | D:14     | XOM: god gift: scimitar {god gift}
 12444 | D:14     | XOM: cast spell 'Statue Form'
 12446 | D:14     | XOM: divine lightning
 12449 | D:14     | XOM: scenery: create altars
 12451 | D:14     | XOM: silly message
 12679 | D:14     | Noticed a centaur warrior
 12683 | D:14     | Reached skill level 15 in Maces & Flails
 12694 | D:14     | Killed a centaur warrior
 12694 | D:14     | Reached XP level 13. HP: 51/106 MP: 13/13
 12959 | D:14     | XOM: summons friendly ufetubus
 12996 | D:14     | XOM: potion effect (might)
 13109 | D:14     | XOM: give mutations
 13109 | D:14     | Lost mutation: You are very agile. (Dex +4) [Xom's
                  | mischief]
 13109 | D:14     | Lost mutation: Your large and strong wings let you fly
                  | indefinitely. [Xom's mischief]
 13224 | D:14     | Found a gate to the Vaults.
 13229 | D:14     | XOM: summons 1 hostile shadow creature
 13240 | D:14     | XOM: enchant monster (good)
 13252 | D:14     | XOM: confuse monster(s)
 13294 | D:14     | XOM: scenery: create altars
 13606 | D:14     | Found a shattered altar of Ashenzari.
 13629 | D:14     | Found a stormy altar of Qazlal.
 13723 | D:14     | XOM: polymorph cyclops -> elephant
 13731 | D:14     | XOM: summons 1 hostile demon
 13749 | D:14     | XOM: chaos cloud
 13765 | D:14     | XOM: summons 5 friendly demons
 13783 | D:14     | XOM: summons 3 hostile shadow creatures
 14033 | D:12     | XOM: 1-stop teleportation journey
 15004 | D:15     | Entered Level 15 of the Dungeon
 15320 | D:15     | XOM: 1-stop teleportation journey
 15398 | D:15     | XOM: summons 2 friendly demons
 15402 | D:15     | XOM: fake destruction
 15426 | D:15     | Reached skill level 16 in Maces & Flails
 15648 | D:15     | XOM: fog
 15705 | D:15     | XOM: confusion
 15710 | D:15     | XOM: polymorph centaur warrior -> anaconda
 15755 | D:15     | Found a staircase to the Depths.
 16080 | D:15     | XOM: give mutation
 16080 | D:15     | Lost mutation: You are frail. (-10% HP) [Xom's mischief]
 16349 | D:15     | XOM: cloud trail
 16473 | Orc:1    | Entered Level 1 of the Orcish Mines
 16490 | Orc:1    | You fall into a shaft and drop 1 floor!
 16490 | Orc:2    | Entered Level 2 of the Orcish Mines
 16491 | Orc:2    | Noticed a stone giant
 16491 | Orc:2    | Noticed an orc warlord
 16492 | Orc:2    | Found a staircase to the Elven Halls.
 16499 | Orc:2    | Killed a stone giant
 16499 | Orc:2    | Gained mutation: You have acidic saliva. [Yellow Draconian
                  | growth]
 16499 | Orc:2    | Reached XP level 14. HP: 56/129 MP: 14/14
 17128 | Orc:2    | XOM: polymorph warg -> shapeshifter
 17156 | Orc:2    | XOM: cast spell 'Summon Hydra'
 17276 | Orc:2    | XOM: 2-stop teleportation journey
 17302 | Orc:2    | XOM: silly message
 17816 | Orc:2    | XOM: cast spell 'Alistair's Intoxication'
 18296 | Orc:1    | Found a transporter.
 18301 | Orc:1    | Found a transporter.
 18301 | Orc:1    | Noticed a stone giant
 18729 | Orc:1    | Found a roughly hewn altar of Beogh.
 18891 | Orc:1    | XOM: silly message
 18895 | Orc:1    | Killed a stone giant
 18895 | Orc:1    | Reached skill level 17 in Maces & Flails
 18937 | Orc:1    | XOM: noise
 19158 | Orc:2    | XOM: give mutations
 19158 | Orc:2    | Gained mutation: You can translocate small distances at
                  | will. [Xom's grace]
 19158 | Orc:2    | Gained mutation: Your large and strong wings let you fly
                  | indefinitely. [Xom's grace]
 19158 | Orc:2    | Gained mutation: You passively map a small area around you.
                  | [Xom's grace]
 19158 | Orc:2    | Gained mutation: Your flesh is heat resistant. (rF+) [Xom's
                  | grace]
 19398 | Orc:2    | XOM: chaos upgrade
 19432 | Orc:2    | Found Vaechicwok's Antique Armour Shop.
 19432 | Orc:2    | Found Konliekabb's Jewellery Emporium.
 19485 | Orc:2    | XOM: give mutation
 19485 | Orc:2    | Gained mutation: Your muscles are very strong. (Str +4)
                  | [Xom's grace]
 19527 | Orc:2    | XOM: god gift: 23 stones
 19650 | Orc:2    | Found Toafaisa's Antique Weapon Shop.
 19650 | Orc:2    | Found Koas's Jewellery Emporium.
 19749 | Orc:2    | XOM: smoke on damage
 19754 | Orc:2    | Killed an orc warlord
 19825 | D:8      | XOM: give mutations
 19825 | D:8      | Gained mutation: Your tail ends in a wickedly sharp and
                  | poisonous barb. [Xom's grace]
 19825 | D:8      | Gained mutation: You passively map the area around you.
                  | [Xom's grace]
 19836 | Lair:1   | Entered Level 1 of the Lair of Beasts
 20010 | Lair:1   | Reached skill level 1 in Evocations
 20174 | Lair:1   | XOM: cleaving
 20591 | Lair:1   | XOM: give mutation
 20591 | Lair:1   | Gained mutation: You are very agile. (Dex +4) [Xom's grace]
 20660 | Lair:1   | XOM: polymorph komodo dragon -> redback
 20814 | Lair:1   | XOM: silly message
 20832 | Lair:1   | Found a runed translucent door.
 20834 | Lair:1   | Identified the +4 trident "Eviscerator" {protect, rF+ MR+
                  | MP-9 Dex+4}
 20836 | Lair:1   | Noticed coffeespoons's ghost (novice DsMo)
 20861 | Lair:1   | You fall into a shaft and drop 1 floor!
 20901 | Lair:2   | XOM: enchant monster (bad)
 21627 | Lair:2   | XOM: enchant monster (bad)
 21636 | Lair:2   | XOM: summons friendly ufetubus
 21864 | Lair:2   | XOM: cleaving
 21870 | Lair:2   | XOM: polymorph yak -> troll
 21871 | Lair:2   | XOM: scenery: create altars
 21874 | Lair:2   | XOM: cast spell 'Summon Mana Viper'
 21987 | Lair:2   | XOM: god gift: club {god gift}
 22143 | Lair:3   | XOM: scenery: create altars
 22147 | Lair:3   | XOM: potion effect (curing)
 22151 | Lair:3   | Reached XP level 15. HP: 139/139 MP: 18/18
 22373 | Lair:3   | Found a staircase to the Shoals.
 22459 | Lair:3   | Got a polished mace
 22460 | Lair:3   | Identified the +4 mace of the Wasteland {vamp, rElec rPois
                  | rC- MR++} (You found it on level 3 of the Lair of Beasts)
 22543 | Lair:3   | XOM: summons 2 friendly demons
 22545 | Lair:3   | Reached skill level 5 in Evocations
 22662 | Lair:3   | Found a staircase to the Snake Pit.
 22757 | Lair:3   | Got a scorched bone ring
 22759 | Lair:3   | Identified the ring of the Several Thickets {rF+ MR+
                  | Slay+2} (You found it on level 3 of the Lair of Beasts)
 22818 | Lair:3   | XOM: cloud trail
 23085 | Lair:4   | XOM: stealth player
 23156 | Lair:4   | Noticed Nessos
 23159 | Lair:4   | Noticed Nessos
 23159 | Lair:4   | Nessos changed into Nessos the komodo dragon
 23164 | Lair:4   | Killed Nessos the komodo dragon
 23313 | Lair:4   | XOM: 1-stop teleportation journey
 23398 | Lair:4   | XOM: scenery: create altars
 23410 | Lair:4   | XOM: confuse monster(s)
 23787 | Lair:4   | Noticed Urug
 23794 | Lair:4   | Killed Urug
 23845 | Lair:4   | Found a white marble altar of Elyvilon.
 24164 | Lair:5   | XOM: destruction
 24200 | Lair:5   | XOM: summons friendly shadow imp
 24216 | Lair:5   | Found a gate leading to a gauntlet.
 24233 | Gauntlet | Entered a Gauntlet
 24233 | Gauntlet | Found a transporter.
 24233 | Gauntlet | Found a transporter.
 24233 | Gauntlet | Found a transporter.
 24312 | Gauntlet | XOM: summons 8 hostile demons
 24371 | Gauntlet | Found a transporter.
 24371 | Gauntlet | Found a transporter.
 24385 | Gauntlet | Found a transporter.
 24386 | Gauntlet | Found a transporter.
 24395 | Gauntlet | Found a transporter.
 24489 | Gauntlet | Found a transporter.
 24497 | Gauntlet | Found a transporter.
 24501 | Gauntlet | Found a transporter.
 24511 | Gauntlet | Found a transporter.
 24520 | Gauntlet | XOM: summons 2 hostile demons
 24699 | Gauntlet | XOM: enchant monster (good)
 24718 | Gauntlet | Got a brightly glowing hat
 24724 | Gauntlet | Identified the cursed -2 hat of Qeania {rF++ Dex+3 Slay+2}
                  | (You found it in a Gauntlet)
 24745 | Gauntlet | Identified the ring "Cig Kajaitz" {rF+ MR++ Str+6 Dex-3
                  | SInv}
 24799 | Lair:5   | XOM: snakes to sticks
 24805 | Lair:5   | XOM: divination: detect items
 24934 | Lair:5   | XOM: summons 5 friendly demons
 24941 | Lair:5   | XOM: fog
 25054 | Lair:5   | XOM: scenery: 1 doors open
 25055 | Lair:5   | XOM: summons 9 friendly demons
 25058 | Lair:5   | Mangled by a death yak

Illustrated notes

Levels and vault maps discovered:
D:1:      scummos_arrival_checkerplants, layout_basic, serial_forest,
          infiniplex_forest_join, infiniplex_forest_lined_corner,
          infiniplex_forest_lined_room_2, infiniplex_forest_3_way,
          infiniplex_forest_end_2, infiniplex_forest_end_1,
          infiniplex_forest_straight_4
D:2:      layout_rooms, glass_columns_a, wander_ebering_terrifying_dragon_lair
D:3:      layout_rooms, uniq_robin
D:4:      layout_rooms, zin_angel, yredelemnul_altar_generic, first_ration,
          lightli_ossuary_entry_decrepit_ruins
D:5:      layout_basic, uniq_pikel, uniq_crazy_yiuf_cottage
D:6:      layout_loops_ring, serial_shops, nicolae_shop_behind_doors,
          st_stairs_14, kennysheep_crisscross
D:7:      layout_rooms, kennysheep_little_box, demons_altar,
          minmay_temple_entry_statues_fountains, tgw_xom, uniq_maggie
D:8:      layout_basic, kennysheep_mini_moat, kennysheep_mini,
          hangedman_little_slice_of_home, okawaru_ov_weapons_minmay
D:9:      layout_basic, hangedman_misty_isle
D:10:     layout_cave_pools, erik_orc_4, gammafunk_ghost_arena,
          lemuel_tele_altar, uniq_nergalle
D:11:     old_forge, layout_basic, kennysheep_minor_cross, uniq_snorg,
          uniq_erolcha
D:12:     layout_cave_pools
D:13:     layout_loops_ring
D:14:     layout_stronghold, grunt_vaults_entry_tiered,
          nicolae_ashenzari_panopticon, nicolae_qazlal_style_of_elements
D:15:     grunt_enter_depths_snipers, layout_rooms, grunt_decor_clamped,
          drop_trap
Lair:1:   layout_regular_city, ebering_ghost_funeral_grove,
          chequers_serial_rivers_small_3
Lair:2:   beast_lair_carwin_large_4, layout_loops_ring, special_room
          [special_room_bee], roderic_carrion_pond, minmay_lair_oklob_chamber
Lair:3:   layout_cellular_growth, elwin_shoals_entry_rocks
Lair:4:   layout_misc_corridors, basic_altar, st_stairs_6, lemuel_fruit_tree,
          uniq_nessos, uniq_urug
Lair:5:   layout_regular_city, gauntlet_entry_generic,
          infiniplex_staircase_pool_2
Orc:1:    gammafunk_beogh_shrine, layout_caves, enter_bailey_8
Orc:2:    grunt_orc_tribal_feast, layout_caves, nooodl_orcs_dogs

Skill      XL: |  1  2  3  4  5  6  7  8  9 10 11 12 13 14 15 |
---------------+----------------------------------------------+-----
Maces & Flails | 4 5 6 8 10 11 13 15 16 17 | 17.4
Fighting       | 4 5 6 8 9 11 12 13 14 | 14.9
Dodging        | 3 4 5 6 7 9 10 11 12 | 12.7
Shields        | 1 2 4 |  4.0
Evocations     | 4 7 |  7.2

Action                   |  1- 3 |  4- 6 |  7- 9 | 10-12 | 13-15 || total
-------------------------+-------+-------+-------+-------+-------++-------
Melee: Mace              |    88 |    71 |   265 |   573 |  1005 ||  2002
       Tailslap          |    10 |    12 |    44 |   117 |   221 ||   404
       Kick              |       |       |    65 |   241 |   469 ||   775
       Bite              |       |       |       |       |   106 ||   106
Throw: Dart              |       |       |       |       |     1 ||     1
       Throwing net      |       |       |       |       |     1 ||     1
 Abil: Breathe Acid      |       |       |    22 |    51 |    60 ||   133
Evoke: Wand              |       |       |       |       |     2 ||     2
       Phial of floods   |       |       |       |       |     1 ||     1
  Use: Scroll            |     1 |     4 |     2 |     2 |    18 ||    27
       Potion            |       |       |     5 |     1 |     9 ||    15
 Stab: Sleeping          |     1 |       |     2 |     1 |     3 ||     7
       Petrified         |       |     1 |     1 |       |       ||     2
       Paralysed         |       |       |     3 |     7 |     3 ||    13
       Petrifying        |       |       |     1 |     1 |     3 ||     5
       Confused          |       |       |       |     5 |     2 ||     7
       Held in net/web   |       |       |       |     2 |       ||     2
       Distracted        |       |       |       |       |     3 ||     3
  Eat: Chunk             |     2 |     4 |    12 |    24 |    43 ||    85
       Ration            |       |       |     1 |     2 |     2 ||     5
Armor: Skin              |    33 |    16 |    40 |    88 |    84 ||   261
Dodge: Dodged            |    66 |    63 |   120 |   416 |   656 ||  1321
Block: Buckler           |       |     1 |    40 |   152 |   197 ||   390

Table legend:
 A = Non-vault XP
 B = Vault XP
 C = Vault XP percentage of total XP
 D = Non-vault monster count
 E = Vault monster count
 F = Vault count percentage of total count
                 A         B        C        D         E       F
            +---------+---------+-------+---------+---------+-------
      Total |   82117 |   40773 |  33.2 |     552 |     248 |  31.0
            +---------+---------+-------+---------+---------+-------
        D:1 |      12 |       0 |   0.0 |       6 |       0 |   0.0
        D:2 |      64 |     372 |  85.3 |      22 |       6 |  21.4
        D:3 |      56 |      14 |  20.0 |      23 |       7 |  23.3
        D:4 |     315 |       0 |   0.0 |      10 |       0 |   0.0
        D:5 |     295 |     649 |  68.8 |       9 |       2 |  18.2
        D:6 |     375 |       0 |   0.0 |      16 |       0 |   0.0
        D:7 |     604 |     530 |  46.7 |      14 |       8 |  36.4
        D:8 |    3176 |     162 |   4.9 |      37 |       8 |  17.8
        D:9 |    4359 |    1747 |  28.6 |      40 |       8 |  16.7
       D:10 |    1443 |     522 |  26.6 |      21 |      16 |  43.2
       D:11 |    6344 |    2711 |  29.9 |      48 |      17 |  26.2
       D:12 |    6316 |       0 |   0.0 |      29 |       0 |   0.0
       D:13 |    5450 |       0 |   0.0 |      27 |       0 |   0.0
       D:14 |    6656 |    6655 |  50.0 |      19 |      25 |  56.8
       D:15 |   11898 |    2361 |  16.6 |      28 |       3 |   9.7
     Lair:1 |    3284 |       0 |   0.0 |      18 |       0 |   0.0
     Lair:2 |    5539 |    5405 |  49.4 |      24 |      47 |  66.2
     Lair:3 |    2663 |       0 |   0.0 |      12 |       0 |   0.0
     Lair:4 |    7274 |    1551 |  17.6 |      26 |       3 |  10.3
     Lair:5 |    6271 |       0 |   0.0 |      27 |       0 |   0.0
      Orc:1 |    2835 |    5529 |  66.1 |      42 |      17 |  28.8
      Orc:2 |    6888 |    8773 |  56.0 |      54 |      41 |  43.2
    Ossuary |       0 |     743 | 100.0 |       0 |      31 | 100.0
   Gauntlet |       0 |    3049 | 100.0 |       0 |       9 | 100.0
            +---------+---------+-------+---------+---------+-------
